[Event "Late-Titled-Tuesday-Blitz-March-19-2024"]
[Site "Chess.com"]
[Date "2024.03.19"]
[Round "4"]
[White "maksimys18"]
[Black "Fonsofan"]
[Result "0-1"]
[WhiteElo "2517"]
[BlackElo "2733"]
[TimeControl "180+1"]
[EndTime "14:38:49 PDT"]
[Termination "Fonsofan won by checkmate"]

1. d4 b5 2. Nf3 Bb7 3. a4 b4 4. c4 bxc3 5. Nxc3 Nf6 6. Bg5 h6 7.
Bh4 e6 8. e3 Bb4 9. Bd3 a5 10.
O-O d5 11. Bg3 O-O 12. Nb5 Ne8 13. Rc1 Na6 14. Bb1 c6 15. Qd3 g6 16. Nc3 c5 17.
Ne5 Qe7 18. Nxg6 fxg6 19. Qxg6+ Qg7 20. Qxe6+ Kh8 21. Be5 Nf6 22. Nb5 Rae8 23. Qh3 Bc8 24. Qh4 c4 25. h3 Qg5 26. Qxg5 hxg5 27. Nd6 Bxd6 28. Bxd6 Rf7 29. Bg6 Kg7 30. Bxf7 Kxf7 31.
Be5 Ne4 32. f3 Nd2 33. Rf2 Nb3 34. Rcf1 Nb4 35. f4 Nd3 36. Rf3 g4 37. hxg4 Bxg4 38.
Rg3 Rg8 39. f5 Nd2 40. Ra1 Ne4 41. Rxg4 Rxg4 42. Ra2 Rg5 43. f6 Nxe5 44. dxe5 Rxe5 45. Kf1 Nc5 46. Ke2 d4 47. Kd2 Nb3+ 48. Kc2 Rxe3 49. Ra3 Re1 50. Rxb3 cxb3+ 51. Kxb3 Rc1 52. g4 d3 53. g5 d2 54. g6+ Kxf6 55. Ka2 d1=Q 56. b4 Qxa4+ 57. Kb2 Qc2+ 58. Ka3 Ra1# 0-1

[Event "Late-Titled-Tuesday-Blitz-March-19-2024"]
[Site "Chess.com"]
[Date "2024.03.19"]
[Round "4"]
[White "ashookk"]
[Black "DryCounty"]
[Result "0-1"]
[WhiteElo "2347"]
[BlackElo "2658"]
[TimeControl "180+1"]
[EndTime "14:38:49 PDT"]
[Termination "DryCounty won on time"]

1. Nf3 Nf6 2. c4 g6 3. Nc3 Bg7 4. e4 O-O 5. d4 d6 6. Be2 e5 7. O-O Nbd7 8. Re1 c6 9. Bf1 exd4 10. Nxd4 Re8 11. f3 Qb6 12. Na4 Qa5 13. Bd2 Qc7 14. Be3 a6 15. Nc3 d5 16. cxd5 cxd5 17. Rc1 Qd6 18. Nb3 b5 19. a3 Bb7 20. Na5 Qc7 21. b4 Qb8 22. Nxd5 Nxd5 23. exd5 Rxe3 24. Rxe3 Qa7 25. Kh1 Qxe3 26. Nxb7 Bd4 27. Bd3 Rb8 28. Na5 Re8 29. Nc6 Bb2 30. Rb1 Bf6 31. a4 Nb6 32.
axb5 Nxd5 33. Be4 Nc3 34. Qd7 Rxe4 35. fxe4 Nxb1 36. g3 axb5 37. e5 Qe4+ 38. Kg1 Bg5 0-1

[Event "Late-Titled-Tuesday-Blitz-March-19-2024"]
[Site "Chess.com"]
[Date "2024.03.19"]
[Round "4"]
[White "Noki102"]
[Black "Kombinator01"]
[Result "0-1"]
[WhiteElo "2571"]
[BlackElo "2424"]
[TimeControl "180+1"]
[EndTime "14:38:50 PDT"]
[Termination "Kombinator01 won by resignation"]

1. b4 e5 2. Bb2 Bxb4 3. Bxe5 Nf6 4. c3 Ba5 5. e3 O-O 6. Bd3 d5 7. Ne2 c5 8. O-O Nc6 9. Bg3 Bc7 10. Bc2 b6 11. d4 Be6 12. Nf4 Rc8 13. Nd2 Na5 14. Bd3 Bd6 15. Re1 Re8 16. Qf3 Bg4 17. Nxd5 Bxf3 18. Nxf6+ Qxf6 19. gxf3 Bxg3 20. hxg3 cxd4 21. cxd4 Rc3 22. Ne4 Qc6 23. Nxc3 Qxc3 24. Be4 g6 25. Rec1 Qa3 26. Bd5 Kg7 27. Rc7 Re7 28. Rac1 Qd6 29. Rxe7 Qxe7 30. e4 Qa3 31. Rc7 Qxf3 32. Rxa7 Qd1+ 33.
Kg2 Qxd4 34. Rxf7+ Kh6 35. Rd7 Nc4 36. Rf7 Ne5 37.
Rf4 Nd3 38. Rf8 Nb4 39. Rf3 Nxd5 40. exd5 Qxd5 41. g4 Qxa2 42. Kg3 Qd5 43. Rf8 Qd6+ 44. Rf4 g5 0-1

[Event "Late-Titled-Tuesday-Blitz-March-19-2024"]
[Site "Chess.com"]
[Date "2024.03.19"]
[Round "4"]
[White "Payyappat"]
[Black "finec2"]
[Result "1-0"]
[WhiteElo "2522"]
[BlackElo "2246"]
[TimeControl "180+1"]
[EndTime "14:38:50 PDT"]
[Termination "Payyappat won by checkmate"]

1. e4 c5 2. Nf3 e6 3. d4 cxd4 4. Nxd4 Nc6 5. Nc3 Qc7 6. Be3 a6 7. Be2 b5 8. O-O Bb7 9. f4 d6 10. Bf3 Nf6 11. Qe2 Be7 12. Bf2 O-O 13. Rad1 Nxd4 14.
Bxd4 e5 15. Be3 exf4 16. Bxf4 Nd7 17. Nd5 Bxd5 18. exd5 Bf6 19. c3 Be5 20. Be4 Bxf4 21.
Rxf4 g6 22. Rdf1 Rae8 23. Qg4 Ne5 24. Qh4 Qe7 25. Qh6 f5 26. Bc2 Ng4 27. Qh3 Qe3+ 28. Qxe3 Nxe3 29. Rc1 Nxc2 30. Rxc2 Re1+ 31. Kf2 Rfe8 32.
c4 bxc4 33. Rfxc4 R1e5 34. Rc6 Rxd5 35. Rxa6 Kg7 36. Ra7+ Kh6 37. h4 Re4 38. g3 Rde5 39.
a4 Kh5 40. Rxh7+ Kg4 41. Rg7 Re6 42. a5 Ra4 43. Ra7 Re5 44. a6 Rea5 45. Rg7 Kh5 46.
b3 Ra2 47. Kf3 Rxc2 48. Rh7# 1-0

[Event "Late-Titled-Tuesday-Blitz-March-19-2024"]
[Site "Chess.com"]
[Date "2024.03.19"]
[Round "4"]
[White "Matrix3x3a"]
[Black "stollenmonster"]
[Result "0-1"]
[WhiteElo "2607"]
[BlackElo "2895"]
[TimeControl "180+1"]
[EndTime "14:38:51 PDT"]
[Termination "stollenmonster won by checkmate"]

1. d4 Nf6 2. c4 e6 3. g3 d5 4. Bg2 Be7 5. Nf3 O-O 6. O-O Ne4 7. Qc2 f5 8. Ne5 c6 9. Nd2 Bd7 10. Nxe4 dxe4 11. f3 Be8 12. Be3 exf3 13. Bxf3 Nd7 14. Nxd7 Qxd7 15. Rad1 Bg6 16. Bf4 Rac8 17. c5 Bf6 18.
Qc4 Bf7 19. Qc3 g5 20. Be5 Qd8 21. e4 Bg6 22. exf5 Bxf5 23. Bg2 Bg6 24. b4 Bxe5 25. dxe5 Rxf1+ 26. Rxf1 Qd3 27. Qxd3 Bxd3 28. Rd1 Bc4 29. a3 Bd5 30. Bh3 Ra8 31. a4 a5 32. b5 cxb5 33.
axb5 a4 34. c6 bxc6 35. bxc6 Kf7 36. c7 a3 37. Ra1 a2 38. Bg2 Bxg2 39. Kxg2 Ke7 40.
Kf3 Kd7 41. Kg4 Ra5 42. Kxg5 Rxe5+ 43. Kf6 Re2 44. h4 Kxc7 45. g4 e5 46. g5 e4 47. h5 e3 48. g6 hxg6 49. hxg6 Rf2+ 50.
Kg7 e2 51. Rxa2 e1=Q 52. Rxf2 Qxf2 53. Kh7 Qh4+ 54. Kg8 Kd7 55. g7 Ke6 56. Kf8 Qd8# 0-1

[Event "Late-Titled-Tuesday-Blitz-March-19-2024"]
[Site "Chess.com"]
[Date "2024.03.19"]
[Round "4"]
[White "VladimirKramnik"]
[Black "bascheyaro"]
[Result "1-0"]
[WhiteElo "3008"]
[BlackElo "2787"]
[TimeControl "180+1"]
[EndTime "14:38:52 PDT"]
[Termination "VladimirKramnik won on time"]

1. e4 e6 2. d4 d5 3. exd5 exd5 4. Nf3 Nf6 5. Bd3 c5 6. O-O c4 7. Re1+ Be7 8. Bf1 O-O 9. Bg5 Nc6 10. b3 cxb3 11. axb3 Bf5 12. c3 a6 13. Nbd2 Rc8 14. b4 Na7 15. Qb3 h6 16. Bh4 Re8 17. h3 Ne4 18. Bxe7 Rxe7 19. Nxe4 Bxe4 20. Nd2 Nb5 21. Bxb5 axb5 22. Re3 Rec7 23. Rae1 Qg5 24. Nxe4 dxe4 25. Rxe4 g6 26. R1e3 Qf6 27. Rf3 Qa6 28. Kh2 Kg7 29. Qd5 Qc6 30. Qe5+ Kh7 31. d5 Qb6 32. d6 Rd7 33. Ref4 Rf8 34. Rf6 Qc6 35. h4 Qc4 36.
R3f4 Qd3 37. h5 g5 38. R4f5 1-0

[Event "Late-Titled-Tuesday-Blitz-March-19-2024"]
[Site "Chess.com"]
[Date "2024.03.19"]
[Round "4"]
[White "Vladimir_Zakhartsov"]
[Black "NovakCabarkapa"]
[Result "1-0"]
[WhiteElo "2991"]
[BlackElo "2767"]
[TimeControl "180+1"]
[EndTime "14:38:53 PDT"]
[Termination "Vladimir_Zakhartsov won by resignation"]

1. d4 Nf6 2. c4 g6 3. Nc3 Bg7 4. e4 O-O 5. Be3 c6 6. e5 Ne8 7. h4 d6 8. f4 dxe5 9. dxe5 Qxd1+ 10. Rxd1 Bg4 11. Be2 Bxe2 12. Ngxe2 Nc7 13. h5 Nba6 14. Rd7 Rfd8 15. Rxd8+ Rxd8 16. Bxa7 Nb4 17. Bb6 Nd3+ 18. Kf1 Rd7 19. b3 Ne6 20. g3 g5 21. Be3 gxf4 22. gxf4 Bh6 23. f5 Bxe3 24. fxe6 fxe6 25. Rh3 Bh6 26.
Rg3+ Kf8 27. Rf3+ Ke8 28. Rg3 Nxe5 29. Rg8+ Kf7 30. Rb8 Be3 31. Ne4 Ng4 32. Kg2 Ba7 33. Ra8 Be3 34. Kf3 Ne5+ 35. Kxe3 Rd3+ 36. Kf4 Nd7 37.
Ng5+ Kg7 38. Nxe6+ Kf6 39. Ng5 e5+ 40. Kg4 h6 41.
Ne4+ Ke7 42. N2g3 Nb6 43. Rh8 Nd7 44. Rh7+ Kd8 45. Rxh6 Nf8 46. Rf6 Nd7 47. Rd6 Re3 48. h6 Ke7 49. Rxd7+ Kxd7 50. h7 1-0

[Event "Late-Titled-Tuesday-Blitz-March-19-2024"]
[Site "Chess.com"]
[Date "2024.03.19"]
[Round "4"]
[White "cthulhuuu"]
[Black "azikom"]
[Result "0-1"]
[WhiteElo "2412"]
[BlackElo "2598"]
[TimeControl "180+1"]
[EndTime "14:38:53 PDT"]
[Termination "azikom won by checkmate"]

1. e4 c5 2. Nf3 e6 3. d3 Nc6 4. g3 d5 5. Nbd2 Nf6 6. Bg2 b6 7.
O-O Bb7 8. Re1 Be7 9. c3 Qc7 10. a3 h6 11. h4 dxe4 12. dxe4 O-O 13. e5 Nd7 14. Qe2 Rfd8 15. Ne4 Ndxe5 16. Nxe5 Qxe5 17. Bf4 Qf5 18. Rad1 Rxd1 19. Rxd1 Rd8 20. Bc7 Rxd1+ 21. Qxd1 Na5 22. g4 Qh7 23. Qd7 Bxe4 24. Qe8+ Bf8 25.
Bd6 Qg6 26. f3 Bc6 27. Qxf8+ Kh7 28. h5 Qf6 29. Kf2 Nc4 30. Kg3 e5 31. Be7 Qf4+ 32. Kf2 Nxb2 33. Bd6 Nd3+ 34. Kg1 Bxf3 35. Bxf3 Qxf3 36.
Qc8 f6 37. Qf5+ Qxf5 38. gxf5 c4 39. Bb8 a6 40. a4 b5 41. axb5 axb5 42. Bd6 Nf4 43.
Kf2 Nxh5 44. Ke3 g6 45. fxg6+ Kxg6 46. Ke4 Nf4 47. Bc5 h5 48. Bf2 Kg5 49. Kf3 f5 50. Bg3 h4 51. Bf2 Ng6 52. Ke3 Kg4 53. Bg1 h3 54. Kf2 f4 55. Bh2 e4 56. Kg1 Ne5 57.
Kh1 e3 58. Bg1 Nf3 59. Bf2 Ng5 60. Be1 Ne4 61. Kh2 f3 62. Kh1 f2 63. Kh2 b4 64. Kh1 fxe1=Q+ 65. Kh2 Qg3+ 66. Kh1 Nf2# 0-1

[Event "Late-Titled-Tuesday-Blitz-March-19-2024"]
[Site "Chess.com"]
[Date "2024.03.19"]
[Round "4"]
[White "Balla_Tamas"]
[Black "Crazy_girl99"]
[Result "0-1"]
[WhiteElo "2400"]
[BlackElo "2586"]
[TimeControl "180+1"]
[EndTime "14:38:53 PDT"]
[Termination "Crazy_girl99 won by resignation"]

1. e4 e5 2. Nf3 Nc6 3. Bc4 Bc5 4. b4 Bxb4 5. c3 Ba5 6. d4 d6 7. O-O Bb6 8. Qb3 Qf6 9. Bg5 Qg6 10. dxe5 Nxe5 11. Nxe5 dxe5 12. Rd1 Qxg5 13. Bxf7+ Kf8 14. Nd2 Qf6 15. Bc4 Bg4 16. Nf3 Bxf3 17. gxf3 Ne7 18. Rd7 Qxf3 19. Rd3 Bxf2+ 20. Kf1 Be3+ 21. Ke1 Qf2+ 22.
Kd1 Nc6 23. Qb5 Rd8 24. Rxd8+ Nxd8 25. Qd5 Nc6 26. Rb1 b6 27. Rb2 Qf6 28. Re2 Bc5 29.
Kc2 Ke7 30. Rg2 Rd8 31. Rxg7+ Qxg7 32. Qxc6 Bd6 33. Qd5 Qf6 34. Qd3 c6 35. Qh3 Qg6 36.
Qf3 Rf8 37. Qd3 Rf4 38. Kb3 Qxe4 39. Qh3 Qxc4+ 40. Kb2 Rf2+ 41. Kc1 Qf1+ 0-1

[Event "Late-Titled-Tuesday-Blitz-March-19-2024"]
[Site "Chess.com"]
[Date "2024.03.19"]
[Round "4"]
[White "ckgchess"]
[Black "ValeriyGrinev"]
[Result "1-0"]
[WhiteElo "2935"]
[BlackElo "2616"]
[TimeControl "180+1"]
[EndTime "14:38:54 PDT"]
[Termination "ckgchess won by resignation"]

1. e4 c5 2. c3 Nf6 3. e5 Nd5 4. d4 cxd4 5. Bc4 e6 6. cxd4 d6 7. Nf3 Be7 8. O-O O-O 9. Qe2 b6 10. Bxd5 exd5 11. Rd1 Na6 12. Nc3 Nc7 13. h3 Be6 14. Bf4 Re8 15. Rac1 Rc8 16. a4 h6 17. Nb5 Nxb5 18. axb5 Qd7 19. exd6 Bxd6 20. Bxd6 Qxd6 21.
Qd2 f6 22. Ra1 Rc7 23. Rdc1 Rec8 24. Re1 Bd7 25. Qd3 Re8 26. Nh4 Re6 27. Qg6 Be8 28. Qg4 Rce7 29. Rxe6 Qxe6 30. Nf5 h5 31.
Nxe7+ Qxe7 32. Qf5 Bf7 33. Rc1 g6 34. Qf4 Kg7 35.
h4 Qd7 36. Rc6 Qe7 37. g3 Qd7 38. Qxf6+ Kg8 39. Rd6 1-0

[Event "Late-Titled-Tuesday-Blitz-March-19-2024"]
[Site "Chess.com"]
[Date "2024.03.19"]
[Round "4"]
[White "Evgeny81"]
[Black "Young_Catalan_Player09"]
[Result "0-1"]
[WhiteElo "2776"]
[BlackElo "2605"]
[TimeControl "180+1"]
[EndTime "14:38:55 PDT"]
[Termination "Young_Catalan_Player09 won on time"]

1. e4 c5 2. Nf3 d6 3. d4 cxd4 4.
Nxd4 Nf6 5. Nc3 a6 6. Bg5 e6 7.
Qd2 h6 8. Be3 Ng4 9. O-O-O Nxe3 10. Qxe3 Be7 11. f4 O-O 12. h4 b5 13. g3 b4 14.
Nce2 Bb7 15. Bg2 Nd7 16. Rhg1 a5 17. e5 Bxg2 18. Rxg2 d5 19. Nc6 Qe8 20. f5 Rc8 21. Nxe7+ Qxe7 22. Nd4 exf5 23. Nxf5 Qe6 24. g4 Nxe5 25.
Rxd5 Rfe8 26. Rgd2 Nc4 27. Qd4 Qg6 28. Rd1 a4 29. Kb1 b3 30. axb3 axb3 31. cxb3 Ne3 32. h5 Qh7 33. Re1 Nxd5 34. Rxe8+ Rxe8 35. Qxd5 g6 36. Qc6 Rf8 37. Ne7+ Kh8 38. Qc3+ Qg7 39. hxg6 Qxc3 40.
bxc3 Kg7 41. gxf7 Rxf7 42. Nf5+ Kg6 43. b4 h5 0-1

[Event "Late-Titled-Tuesday-Blitz-March-19-2024"]
[Site "Chess.com"]
[Date "2024.03.19"]
[Round "4"]
[White "AlexPapasimakopoulos"]
[Black "Sinquefield"]
[Result "1-0"]
[WhiteElo "2752"]
[BlackElo "2516"]
[TimeControl "180+1"]
[EndTime "14:38:55 PDT"]
[Termination "AlexPapasimakopoulos won by checkmate"]

1. d4 d6 2. Nf3 Nf6 3. c4 Nbd7 4. Nc3 e5 5. Bg5 Be7 6. e3 c6 7. Be2 O-O 8. O-O e4 9. Nd2 d5 10. b4 Bxb4 11. Qb3 Bxc3 12. Qxc3 Nb6 13. c5 Nbd7 14. f3 exf3 15. Rxf3 h6 16. Bh4 Re8 17. Raf1 Re6 18. Bd3 Qe8 19. Bf5 Re7 20. Bxd7 Bxd7 21. Bxf6 gxf6 22. Rg3+ Kh8 23. Rxf6 Re6 24. Rf4 Qe7 25. Nf1 Rg8 26. Rxg8+ Kxg8 27. Qb3 Bc8 28. a4 Rg6 29. a5 a6 30. Qc3 h5 31. Qe1 Qg5 32. Qf2 Be6 33. Nd2 Qd8 34. Nb3 Kg7 35. Kh1 Qg5 36. Nc1 Qd8 37. Qd2 Rf6 38. Nd3 Rxf4 39.
Nxf4 Qg5 40. e4 Qh4 41. e5 Bf5 42. Qe3 Qd8 43. Nxh5+ Kg6 44. Nf6 Be4 45. Qg3+ Kf5 46. Qg4# 1-0

[Event "Late-Titled-Tuesday-Blitz-March-19-2024"]
[Site "Chess.com"]
[Date "2024.03.19"]
[Round "4"]
[White "1g60-1"]
[Black "ozates"]
[Result "1-0"]
[WhiteElo "2386"]
[BlackElo "2553"]
[TimeControl "180+1"]
[EndTime "14:38:55 PDT"]
[Termination "1g60-1 won by checkmate"]

1. e4 c5 2. Nf3 Nc6 3. d4 cxd4 4. Nxd4 e5 5. Nb5 d6 6. N1c3 a6 7. Na3 b5 8. Nd5 Nge7 9. c4 Nd4 10. Bd3 Nxd5 11.
cxd5 g6 12. Nc2 Bg7 13. Nxd4 exd4 14. O-O O-O 15. Bd2 f5 16. f3 Bd7 17. Rc1 fxe4 18.
fxe4 Be5 19. Rxf8+ Qxf8 20. Qf3 Qe7 21. Rf1 Kg7 22.
Bf4 Rc8 23. a3 h5 24. Bxe5+ dxe5 25. Qe2 Qg5 26. Qf2 Kh6 27. h4 Qg4 28. Qf7 a5 29. Qe7 Re8 30. Qf7 b4 31. axb4 axb4 32. Rf6 Rc8 33.
Rf1 Ba4 34. Qe7 Qg3 35. Rf7 Rc1+ 36. Bf1 Rxf1+ 37. Rxf1 Qe3+ 38. Kh1 Qxe4 39. Qf8+ Kh7 40. Rf7# 1-0

[Event "Late-Titled-Tuesday-Blitz-March-19-2024"]
[Site "Chess.com"]
[Date "2024.03.19"]
[Round "4"]
[White "sergiochess83"]
[Black "Bilan_Danila"]
[Result "1-0"]
[WhiteElo "2960"]
[BlackElo "2628"]
[TimeControl "180+1"]
[EndTime "14:38:56 PDT"]
[Termination "sergiochess83 won by resignation"]

1. e4 e5 2. Nf3 Nc6 3. Bb5 a6 4. Ba4 Nf6 5. O-O b5 6. Bb3 Bc5 7. Nc3 d6 8. Nd5 Be6 9. c3 h6 10. d4 exd4 11. cxd4 Nxe4 12. Re1 Nxf2 13. Kxf2 Nxd4 14.
Nxd4 Qh4+ 15. Kg1 Qxd4+ 16. Be3 Qxd1 17. Raxd1 Bxe3+ 18. Rxe3 Kd7 19. Rc3 Rac8 20. Rdc1 Bxd5 21. Bxd5 c5 22. Ra3 Rhe8 23. Rxa6 Re2 24. b4 cxb4 25. Ra7+ Kd8 26. Rxc8+ Kxc8 27. Rxf7 Rd2 28. Be6+ Kb8 29. Rf5 Kc7 30. Rxb5 Rb2 31. Bd5 Kd8 32. Rb7 g5 33. h3 Kc8 34. Rh7 Rd2 35. Bb3 d5 36. Rxh6 d4 37. Rg6 d3 38. Rxg5 Rb2 39. Rd5 d2 40.
Kh2 Kc7 41. h4 Kc6 42. Rd3 Kc5 43. h5 Kc6 44. h6 Rxa2 45. Bxa2 b3 46. Bxb3 1-0

[Event "Late-Titled-Tuesday-Blitz-March-19-2024"]
[Site "Chess.com"]
[Date "2024.03.19"]
[Round "4"]
[White "Godzillator"]
[Black "Slovak_fighter2000"]
[Result "0-1"]
[WhiteElo "2400"]
[BlackElo "2580"]
[TimeControl "180+1"]
[EndTime "14:38:57 PDT"]
[Termination "Slovak_fighter2000 won by checkmate"]

1. Nf3 d5 2. b3 Nf6 3. Bb2 Bf5 4.
e3 e6 5. Be2 h6 6. O-O Be7 7.
c4 c6 8. Nc3 O-O 9. d4 Nbd7 10.
Rc1 Ne4 11. Nxe4 Bxe4 12. Nd2 Bh7 13. Kh1 Nf6 14. f3 a5 15. a3 Re8 16. Re1 Bd6 17. Bf1 Nh5 18. g3 f5 19. Kg2 Qg5 20. f4 Qg6 21.
Nf3 Nf6 22. Ne5 Bxe5 23. dxe5 Ne4 24. cxd5 exd5 25. Qd4 Qf7 26. Bd3 Bg6 27. Bxe4 fxe4 28. h3 h5 29. a4 Bf5 30. Ba3 Qe6 31. Rh1 Kf7 32. b4 axb4 33. Qxb4 Ra7 34. Rb1 Rea8 35. Qd6 Qxd6 36. Bxd6 Kg6 37. Rhg1 Rxa4 38. g4 hxg4 39.
hxg4 Bxg4 40. Kh1 Kh5 41. Rb2 Ra2 42. Rh2+ Rxh2+ 43. Kxh2 Ra2+ 44. Kg3 Bf5 45. Rh1+ Kg6 46. Bc5 Rc2 47. Bb6 c5 48. Kh4 Rc3 49. Rg1+ Kf7 50. Bc7 Rxe3 51. Kg5 g6 52. Bd6 b6 53. Ra1 Rg3+ 54. Kh4 Rh3+ 55. Kg5 Rh5# 0-1

[Event "Late-Titled-Tuesday-Blitz-March-19-2024"]
[Site "Chess.com"]
[Date "2024.03.19"]
[Round "4"]
[White "Kopytkin"]
[Black "djano"]
[Result "0-1"]
[WhiteElo "2432"]
[BlackElo "2622"]
[TimeControl "180+1"]
[EndTime "14:38:58 PDT"]
[Termination "djano won by resignation"]

1. d4 d6 2. Bg5 g6 3. Nf3 Bg7 4.
c4 Nf6 5. Nc3 O-O 6. e3 h6 7.
Bh4 c5 8. Be2 Qb6 9. Qd2 Nc6 10.
d5 Nb8 11. e4 e6 12. O-O g5 13.
Bg3 e5 14. h4 g4 15. Nh2 Na6 16. a3 Qd8 17. Nd1 Nxe4 18. Qc2 f5 19. Bd3 Nxg3 20.
fxg3 e4 21. Be2 Be5 22. Qd2 Kh7 23. Rf4 Bxf4 24. Qxf4 Qf6 25. Nc3 Qe5 26. Rf1 Bd7 27.
Bd1 Rae8 28. Bc2 Nc7 29. Kh1 Qxf4 30. gxf4 b5 31. g3 bxc4 32. Nd1 Rb8 33. Rf2 Nb5 34. Ba4 Nd4 35. Bxd7 e3 36. Nxe3 c3 37. bxc3 Rb1+ 38. Nhf1 Nf3 39. Kg2 Rfb8 40. Bxf5+ Kh8 41. Bxg4 Ne1+ 42.
Kg1 Ra1 43. Bf5 Re8 44. Be6 Nd3 45. f5 Nxf2 46. Kxf2 Kg7 47. g4 Rxa3 48. g5 hxg5 49. hxg5 Rxc3 50. Nh2 a5 51. Nf3 a4 52. Nh4 Rf8 53.
f6+ Rxf6+ 54. gxf6+ Kxf6 55. Ke2 a3 56. Ng4+ Ke7 57.
Nf5+ Kd8 58. Nxd6 a2 59. Nb7+ Kc7 60. d6+ Kxb7 61. Bxa2 Rc2+ 62. Kd3 Rxa2 63. Kc4 Ra4+ 64. Kd5 Rxg4 65. d7 Rd4+ 66. Kxc5 Rxd7 0-1

[Event "Late-Titled-Tuesday-Blitz-March-19-2024"]
[Site "Chess.com"]
[Date "2024.03.19"]
[Round "4"]
[White "karinachess1"]
[Black "vugarrasulov"]
[Result "1-0"]
[WhiteElo "2638"]
[BlackElo "2939"]
[TimeControl "180+1"]
[EndTime "14:39:00 PDT"]
[Termination "karinachess1 won on time"]

1. d4 g6 2. e4 Bg7 3. Nc3 c6 4. h3 d6 5. Be3 Nd7 6. Qd2 b5 7. f4 Bb7 8. Nf3 Ngf6 9. Bd3 Nb6 10. O-O O-O 11. e5 Nfd5 12. Nxd5 Nxd5 13. Bf2 Qc7 14. Rae1 a6 15. f5 c5 16. e6 fxe6 17. fxg6 h6 18. Be4 c4 19. c3 Nf4 20. Bg3 Nd3 21. Bxd3 cxd3 22. Qxd3 Bd5 23. Nd2 Qc6 24. Qe2 a5 25. a3 Rae8 26. Bh4 Qb7 27. Rxf8+ Rxf8 28. Rf1 Qd7 29. Rxf8+ Bxf8 30. Qg4 Bg7 31. Kh2 Qe8 32. Ne4 b4 33. axb4 axb4 34. Ng3 bxc3 35. bxc3 Qa4 36.
Nh5 Qc2 37. Bxe7 Qxc3 38. Bf6 Bxf6 39. Nxf6+ Kg7 40. Nh5+ Kg8 41. Qf4 Qc7 42. Qxh6 Qe7 43. g7 1-0

[Event "Late-Titled-Tuesday-Blitz-March-19-2024"]
[Site "Chess.com"]
[Date "2024.03.19"]
[Round "4"]
[White "Dhaydon19"]
[Black "sansanathalia"]
[Result "1-0"]
[WhiteElo "2667"]
[BlackElo "2393"]
[TimeControl "180+1"]
[EndTime "14:39:00 PDT"]
[Termination "Dhaydon19 won on time"]

1. e4 c5 2. Nf3 e6 3. d4 cxd4 4. Nxd4 Nf6 5. Bd3 Nc6 6. Nxc6 bxc6 7. O-O Be7 8. c4 O-O 9. Nc3 d5 10. exd5 cxd5 11. cxd5 Nxd5 12. Ne4 Bb7 13. a3 f5 14. Ng3 Bd6 15. Re1 Qd7 16. Bd2 Rae8 17. Qb3 Bc6 18. Bc4 Rb8 19. Qa2 Rfe8 20. Nxf5 Bxh2+ 21. Kxh2 exf5 22. Bf4 Rbd8 23. Rxe8+ Qxe8 24. Bg3 Kh8 25. Kg1 Nf6 26. b4 Ne4 27. Bf4 Qg6 28. f3 Ng3 29.
Re1 Rf8 30. Re6 Rf6 31. Rxf6 gxf6 32. Qd2 Nh5 33. Qd8+ Qe8 34. Qxe8+ Bxe8 35. Be3 a6 36. Bxa6 f4 37. Bf2 Ng7 38. Bd4 Nf5 39. Bxf6+ Kg8 40. Bc4+ Kf8 41. Be5 Ne3 42. Bd3 Nd5 43. b5 h5 44. a4 Bd7 45. Bd4 Nb4 46. Bf1 Nc2 47. Bc5+ Ke8 48. a5 Kd8 49. a6 Kc8 50. b6 Ne3 51.
b7+ Kc7 52. Ba7 1-0

[Event "Late-Titled-Tuesday-Blitz-March-19-2024"]
[Site "Chess.com"]
[Date "2024.03.19"]
[Round "4"]
[White "picturesquecheck"]
[Black "HaryKane"]
[Result "1/2-1/2"]
[WhiteElo "2420"]
[BlackElo "2581"]
[TimeControl "180+1"]
[EndTime "14:39:00 PDT"]
[Termination "Game drawn by repetition"]

1. e4 g6 2. Nf3 Bg7 3. d4 d6 4.
Nc3 Nc6 5. Be3 e5 6. d5 Nce7 7. Bb5+ Bd7 8. Bxd7+ Qxd7 9. Nd2 f5 10. f3 Nf6 11.
Qe2 O-O 12. O-O-O c6 13. dxc6 Qxc6 14. Kb1 Rac8 15. Bg5 a6 16. h4 b5 17. Bxf6 Bxf6 18. Nb3 fxe4 19. Nxe4 d5 20. Nxf6+ Qxf6 21. Rhe1 Qf5 22.
Qxe5 Qxc2+ 23. Ka1 Rf7 24. Rc1 Qxg2 25. Rxc8+ Nxc8 26. Qe8+ Rf8 27. Qe6+ Kg7 28. Qe5+ Kh6 29. Qxd5 Qxf3 30.
Qg5+ Kg7 31. Rc1 Nd6 32. Nd4 Qf6 33. Qd5 Re8 34. a3 Nc4 35. h5 Re5 36. Qd7+ Re7 37. h6+ Kxh6 38. Qh3+ Kg7 39. Rh1 h5 40. Rd1 Re4 41.
Qd7+ Kh6 42. Qd5 Qe5 43. Qd8 Re1 44. Qf8+ Kh7 45. Qf7+ Kh6 46. Qf8+ Kh7 47. Qf7+ Kh6 48. Qf8+ 1/2-1/2

[Event "Late-Titled-Tuesday-Blitz-March-19-2024"]
[Site "Chess.com"]
[Date "2024.03.19"]
[Round "4"]
[White "angelgab3"]
[Black "Oligan22"]
[Result "1-0"]
[WhiteElo "2635"]
[BlackElo "2419"]
[TimeControl "180+1"]
[EndTime "14:39:02 PDT"]
[Termination "angelgab3 won by resignation"]

1. e4 c5 2. Nf3 e6 3. g3 Nc6 4. Bg2 Nf6 5. Qe2 d6 6. O-O Be7 7. d4 cxd4 8. Rd1 e5 9. c3 dxc3 10. Nxc3 a6 11. Bg5 Be6 12. Rac1 O-O 13. Rd2 h6 14.
Bxf6 Bxf6 15. Rcd1 Be7 16. Nd5 Bxd5 17. Rxd5 Qb6 18. a3 Rfd8 19. Bf1 Rac8 20. Qd2 Qb3 21. Rd3 Qa4 22. Rc3 Qxe4 23. Bc4 Qg6 24. Bd5 Bg5 25.
Qe2 Qh5 26. h4 Be7 27. Rdc1 Qg4 28. Bxf7+ Kh8 29. Rc4 Qf5 30. Bd5 Rf8 31. Kg2 Rce8 32. Be4 Qf7 33. Bb1 d5 34. Rxc6 bxc6 35. Nxe5 Qf6 36.
Ng6+ Kg8 37. Nxf8 Rxf8 38. f4 g6 39. Qc2 Kg7 40. Qxc6 Qxb2+ 41. Kh3 Rf6 42. Qc7 Rf7 43. Qc8 Qxa3 44. Rc6 Bf6 45. Qg4 Kf8 46. Bxg6 Qa4 47. Rc8+ Kg7 48. Bf5+ 1-0

[Event "Late-Titled-Tuesday-Blitz-March-19-2024"]
[Site "Chess.com"]
[Date "2024.03.19"]
[Round "4"]
[White "ZachHKL"]
[Black "amanmuhammethommadov"]
[Result "0-1"]
[WhiteElo "2213"]
[BlackElo "2652"]
[TimeControl "180+1"]
[EndTime "14:39:03 PDT"]
[Termination "amanmuhammethommadov won by checkmate"]

1. e4 c5 2. Nf3 Nc6 3. d4 cxd4 4. Nxd4 g6 5. Nc3 Bg7 6. Be3 Nf6 7. Bc4 O-O 8. Bb3 d5 9. exd5 Na5 10. Nde2 a6 11. h3 b5 12. Qd2 Bb7 13. O-O-O Qd7 14. g4 Rfd8 15. Bb6 Nxb3+ 16. axb3 Rdc8 17. g5 Nh5 18. Bd4 b4 19. Bxg7 Nxg7 20. Ne4 a5 21. N2g3 a4 22. Qxb4 axb3 23. Qxb3 Ra1+ 24. Kd2 Bxd5 25. Qd3 Ra4 26. Ke1 Rca8 27. Qxd5 Qc7 28. Qd3 Ne6 29. Qc3 Qb7 30. Kf1 Rxe4 31. Nxe4 Qxe4 32. f3 Qf5 33. Qc6 Rb8 34. h4 Nf4 35. Qc7 Qb5+ 36. Kf2 e5 37.
Rd8+ Rxd8 38. Qxd8+ Kg7 39. Qf6+ Kf8 40. Rd1 Qe2+ 41.
Kg3 Qg2# 0-1

[Event "Late-Titled-Tuesday-Blitz-March-19-2024"]
[Site "Chess.com"]
[Date "2024.03.19"]
[Round "4"]
[White "ProfessorChess101"]
[Black "EternalNight8"]
[Result "1-0"]
[WhiteElo "2791"]
[BlackElo "2475"]
[TimeControl "180+1"]
[EndTime "14:39:03 PDT"]
[Termination "ProfessorChess101 won on time"]

1. d4 Nf6 2. c4 e6 3. Nc3 Bb4 4. Nf3 b6 5. e3 Bb7 6. Bd2 O-O 7. Bd3 c5 8. a3 Bxc3 9. Bxc3 cxd4 10. Bxd4 d6 11. Bc3 Nbd7 12. O-O Nc5 13. Bc2 Nfe4 14. Be1 Ng5 15. Nd4 f5 16. f3 Qf6 17. Nb5 Rad8 18. b4 Na6 19. Bc3 Qg6 20. Kh1 e5 21. Qe1 Qh5 22. Qf2 f4 23. e4 Ne6 24. Rad1 Nac7 25. Nxd6 Ba6 26. Nf5 Bxc4 27. Rfe1 Kh8 28. Bxe5 Nb5 29.
a4 Na3 30. h3 Nxc2 31. Qxc2 Ba6 32. Qc6 Bc8 33. Bb2 Qe8 34. Qxe8 Rfxe8 35. Nd6 Rf8 36. e5 Ba6 37. b5 Bc8 38. Rc1 Nc5 39. Red1 Be6 40.
Ba3 Bb3 41. Rd2 Nxa4 42. Rc7 1-0

[Event "Late-Titled-Tuesday-Blitz-March-19-2024"]
[Site "Chess.com"]
[Date "2024.03.19"]
[Round "4"]
[White "ilya2700"]
[Black "kikoveiga"]
[Result "1-0"]
[WhiteElo "2335"]
[BlackElo "2524"]
[TimeControl "180+1"]
[EndTime "14:39:03 PDT"]
[Termination "ilya2700 won on time"]

1. d4 Nf6 2. c4 g6 3. Nc3 Bg7 4. e4 d6 5. f4 O-O 6. Nf3 c5 7. d5 e6 8. Be2 exd5 9. cxd5 a6 10.
a4 Ne8 11. O-O Nc7 12. Be3 Re8 13. Nd2 Nd7 14. Kh1 Nb6 15. Bf2 a5 16. Qb3 Na6 17.
Bf3 Nb4 18. Nb5 f5 19. e5 dxe5 20. Bxc5 N6xd5 21. Bxb4 axb4 22. Bxd5+ Kh8 23. fxe5 Rxe5 24. Bf3 Qxd2 25. Rad1 Qe3 26. Rd8+ Re8 27. Rxe8+ Qxe8 28. Nc7 Qxa4 29. Qd5 Bf6 30. Nxa8 Qxa8 31. Rc1 Qb8 32.
Qc5 Bd7 33. Rd1 Qe8 34. Qd6 Be6 35. Re1 Bh4 36. Rxe6 1-0